 Dungeon Crawl Stone Soup version 0.14.1-19-g9964f44 (webtiles) character file.

1043 Kae the Chiller (level 7, 0/36 HPs)
             Began as a Deep Elf Ice Elementalist on June 5, 2014.
             Was an Initiate of Vehumet.
             Hit by a tomahawk thrown by an orc warrior (10 damage)
             ... on Level 6 of the Dungeon.
             The game lasted 00:09:57 (5467 turns).

Kae the Chiller (Deep Elf Ice Elementalist)         Turns: 5467, Time: 00:09:58

HP   0/36        AC  3     Str  7      XL: 7   Next: 63%
MP   8/23        EV 13     Int 20      God: Vehumet [......]
Gold 224         SH  0     Dex 15      Spells:  3 memorised, 10 levels left

rFire  . . .     SeeInvis .     d - +4,+1 whip
rCold  . . .     Clarity  .     a - +1 robe
rNeg   . . .     Conserve .     (no shield)
rPois  .         rCorr    .     (no helmet)
rElec  .         rRot     .     (no cloak)
SustAb . .       Spirit   .     (no gloves)
rMut   .         Warding  .     (no boots)
Saprov . . .     Stasis   .     (no amulet)
MR     .....                    (no ring)
                                (no ring)

@: not resistant to hostile enchantments, fairly stealthy
A: no striking features
a: Renounce Religion


You were on level 6 of the Dungeon.
You worshipped Vehumet.
Vehumet was noncommittal.
You were not hungry.

You visited 2 branches of the dungeon, and saw 7 of its levels.

You collected 224 gold pieces.

Inventory:

Hand weapons
 d - a +4,+1 whip (weapon)
Armour
 a - a +1 robe (worn)
Magical devices
 r - a wand of lightning (5)
 x - a wand of flame (8)
Comestibles
 c - 6 bread rations
 h - a meat ration
 l - 3 apples
 t - 2 chokos
 B - a pear
Scrolls
 e - 2 scrolls of teleportation
 g - a scroll of identify
 i - a scroll of fear {unknown}
 k - a scroll of blinking
 v - a scroll of amnesia
 w - a scroll of remove curse
Jewellery
 m - an uncursed amulet of warding
 n - an uncursed amulet of warding
 A - an uncursed amulet of rage
Potions
 f - 2 potions of haste {unknown}
 j - 2 potions of cure mutation
 o - 3 potions of curing
 p - 3 potions of lignification
 q - 2 potions of might
 s - 3 potions of restore abilities
 z - a potion of brilliance {unknown}
Books
 b - a book of Frost

   Spells                             Type                      Level
   *Freeze                            Ice                          1
   *Throw Frost                       Conjuration/Ice              2
   Ozocubu's Armour                   Charms/Ice                   3
   *Throw Icicle                      Conjuration/Ice              4
   Summon Ice Beast                   Ice/Summoning                4
   Condensation Shield                Ice                          4


   Skills:
 - Level 2.7 Dodging
 - Level 2.4 Stealth
 + Level 5.5 Spellcasting
 * Level 5.7 Conjurations
 * Level 7.1 Ice Magic


You had 10 spell levels left.
You knew the following spells:

 Your Spells              Type           Power        Failure   Level  Hunger
a - Freeze                Ice            ####         1%          1    None
b - Throw Frost           Conj/Ice       ####..       1%          2    None
c - Throw Icicle          Conj/Ice       ####....     10%         4    ####...


Dungeon Overview and Level Annotations

Branches:
Dungeon (6/15)             Temple (1/1) D:5

Altars:
Ashenzari
Cheibriados
Fedhas
Makhleb
Nemelex Xobeh
Vehumet
Yredelemnul
The Shining One

Shops:
D:5 (


Message History

The orc warrior is lightly wounded.
The orc warrior throws a tomahawk.
The tomahawk hits you!
Casting: Throw Frost
Confirm with . or Enter, or press ? or * to list all spells.
Aiming: Throw Frost
Press: ? - help, Shift-Dir - straight line, f/p - orc warrior
Aim: an orc warrior, wielding a battleaxe and wearing a chain mail (lightly wounded)
The puff of frost hits the orc warrior.
The orc warrior appears unharmed.
The orc warrior is lightly wounded.
The orc warrior throws a tomahawk.
The tomahawk hits you!
* * * LOW HITPOINT WARNING * * *
Casting: Throw Frost
Confirm with . or Enter, or press ? or * to list all spells.
Aiming: Throw Frost
Press: ? - help, Shift-Dir - straight line, f/p - orc warrior
Aim: an orc warrior, wielding a battleaxe and wearing a chain mail (lightly wounded)
The puff of frost hits the orc warrior.
The orc warrior is moderately wounded.
The orc warrior throws a tomahawk.
The tomahawk hits you!
You die...

............# #.......#
............# #.......#
............# #o#####.#
............# #.# #.#
............# .# #.#
...)........# .# #.#########
............# #%#####.........#
............#####.......#########
................@.#####.#
...((.#####.#####.# #.# #####.#
#.# #.# #.# #.# #.# #.# #.# #.#
#.# #.#####.####### #.# #.#
#....<.......... #.# #.#
#)#####.####### #####.# #.# #.#
#.# ......#####.# #.# #.#


You could see an orc warrior.

Vanquished Creatures
  An ice beast (D:5)
  A sky beast (D:5)
  A centaur (D:6)
  2 scorpions
  An orc priest (D:4)
  A crimson imp (D:5)
  A hound (D:5)
  2 orc wizards
  2 worker ants
  Terence (D:2)
  8 adders
  A giant mite (D:3)
  2 worms
  A giant eyeball (D:4)
  14 orcs
  2 ball pythons
  9 bats
  A bat skeleton (D:5)
  6 giant cockroaches
  13 goblins
  19 hobgoblins
  5 jackals
  11 kobolds
  3 quokkas
  5 giant geckos
  6 giant newts
  9 rats
128 creatures vanquished.

Notes
Turn   | Place    | Note
--------------------------------------------------------------
     0 | D:1      | Kae, the Deep Elf Ice Elementalist, began the quest for the Orb.
     0 | D:1      | Reached XP level 1. HP: 10/10 MP: 5/5
    66 | D:1      | Reached XP level 2. HP: 10/15 MP: 3/8
   192 | D:1      | Reached skill level 4 in Ice Magic
   237 | D:1      | Learned a level 2 spell: Throw Frost
   594 | D:1      | Reached XP level 3. HP: 19/19 MP: 8/11
  1042 | D:2      | Noticed Terence
  1051 | D:2      | Killed Terence
  1051 | D:2      | Reached XP level 4. HP: 20/24 MP: 8/14
  1620 | D:3      | Reached skill level 5 in Ice Magic
  1989 | D:3      | Reached XP level 5. HP: 26/28 MP: 17/17
  2457 | D:4      | Noticed a phantom
  2461 | D:4      | Paralysed by a giant eyeball for 2 turns
  2699 | D:4      | Learned a level 4 spell: Throw Icicle
  3042 | D:3      | Reached XP level 6. HP: 12/32 MP: 17/20
  3627 | D:5      | Entered Level 5 of the Dungeon
  3758 | D:5      | Reached skill level 6 in Ice Magic
  3974 | D:5      | Found a staircase to the Ecumenical Temple.
  4015 | Temple   | Entered the Ecumenical Temple
  4025 | Temple   | Became a worshipper of Vehumet
  4050 | D:5      | Found a shattered altar of Ashenzari.
  4066 | D:5      | Found Loanemp's Weapon Boutique.
  4073 | D:5      | Reached XP level 7. HP: 36/36 MP: 13/22
  4080 | D:5      | Reached skill level 5 in Conjurations
  4096 | D:5      | Reached skill level 5 in Spellcasting
  4237 | D:5      | Found a basalt altar of Yredelemnul.
  5216 | D:6      | Reached skill level 7 in Ice Magic
  5467 | D:6      | Hit by a tomahawk thrown by an orc warrior

Action                   |  1- 3 |  4- 6 |  7- 9 || total
-------------------------+-------+-------+-------++-------
Melee: Whip              |    25 |    41 |    20 ||    86
 Cast: Freeze            |    58 |    73 |    34 ||   165
       Throw Frost       |       |    35 |    21 ||    56
       Throw Icicle      |       |     4 |       ||     4
Evoke: Wand              |       |       |     2 ||     2
  Use: Scroll            |       |       |    12 ||    12
 Stab: Sleeping          |     1 |     3 |       ||     4
